 Dungeon Crawl Stone Soup version 0.22.1-2-g9c5b331 (webtiles) character file.

9072 antediem the Cleaver (level 11, -16/98 (99) HPs)
             Began as a Minotaur Chaos Knight on Nov 16, 2018.
             Killed from afar by smtktc's ghost (18 damage)
             ... with a spray of energy
             ... while paralysed by a war axe of chaos
             ... on level 1 of the Lair of Beasts.
             The game lasted 00:26:54 (8725 turns).

antediem the Cleaver (Minotaur Chaos Knight)        Turns: 8725, Time: 00:26:56

HP:   -16/98 (99)   AC: 12    Str: 22    XL:     11   Next: 18%
MP:   10/10         EV:  2    Int:  9    God:    Xom [..*...]
Gold: 508           SH:  0    Dex: 10    Spells: 10/10 levels left

rFire    . . .     SeeInvis .   a - +5 hand axe (chaos)
rCold    . . .     Gourm    .   (no shield)
rNeg     . . .     Faith    .   b - +3 leather armour
rPois    +         Spirit   .   F - +2 hat
rElec    .         Reflect  .   q - +2 cloak {rPois}
rCorr    .         Harm     .   (no gloves)
MR       .....                  k - +0 pair of boots
Stlth    +.........             (no amulet)
HPRegen  0.26/turn              n - +1 ring of protection
MPRegen  0.12/turn              e - +2 ring of strength

@: confused, paralysed, slowed, drained
A: retaliatory headbutt, horns 2, deformed body
a: Renounce Religion


You were on level 1 of the Lair of Beasts.
You worshipped Xom.
You were a toy of Xom.
You were not hungry.

You visited 2 branches of the dungeon, and saw 11 of its levels.

You collected 508 gold pieces.

Inventory:

Hand Weapons
 a - a +5 hand axe of chaos (weapon)
Armour
 b - a +3 leather armour (worn)
 k - a +0 pair of boots (worn)
 q - a +2 cloak of poison resistance (worn)
 r - +0 ice dragon scales
 A - a scarf of resistance
 F - a +2 hat (worn)
Jewellery
 e - a +2 ring of strength (right hand)
 n - a +1 ring of protection (left hand)
 y - an uncursed ring of positive energy
Wands
 l - a wand of flame (29)
 m - a wand of acid (13)
 z - a wand of iceblast (5)
Scrolls
 g - a scroll of amnesia {unknown}
 p - 3 scrolls of fear
 t - 2 scrolls of teleportation
 u - a scroll of remove curse
 w - a scroll of summoning {unknown}
 C - 2 scrolls of identify
 E - a scroll of magic mapping {unknown}
Potions
 d - a potion of flight
 f - 2 potions of cancellation
 h - 3 potions of curing
 i - 4 potions of haste
 j - 3 potions of brilliance
 o - 2 potions of resistance
 v - 2 potions of heal wounds
 x - a potion of invisibility {unknown}
 B - a potion of magic {unknown}
 D - a potion of degeneration {unknown}
Miscellaneous
 s - a phial of floods
Comestibles
 c - 9 rations


   Skills:
 + Level 10.1(9.7) Fighting
 + Level 13.9(13.4) Axes
 + Level 5.8(5.5) Armour
 + Level 6.9(6.5) Dodging
 + Level 6.1(5.7) Stealth


You had 10 spell levels left.
You didn't know any spells.
Your spell library was empty.

Dungeon Overview and Level Annotations

Branches:
Dungeon (10/15)            Temple (0/1) D:6            Lair (1/6) D:10
    Orc: D:9-12

Altars:
Ashenzari
Dithmenos
Elyvilon
Fedhas
Qazlal
Xom
The Shining One

Annotations:
D:9 1 transporter
Lair:1 smtktc's ghost, novice DECj


Innate Abilities, Weirdness & Mutations

You reflexively headbutt those who attack you in melee.
You have a pair of horns on your head.
Armour fits poorly on your strangely shaped body.


Message History

You suddenly lose the ability to move!
Smtktc's ghost says, "I have plenty of time to study, now."
The war axe of chaos hits you!
* * * LOW HITPOINT WARNING * * *
Smtktc's ghost casts a spell at you.
Helpless, you fail to dodge the spray of energy.
You are confused.
The area is suffused with divine lightning!
The blast of lightning engulfs smtktc's ghost.
The blast of lightning engulfs the war axe of chaos.
The war axe of chaos completely resists.
You are now a toy of Xom.
The war axe of chaos hits you!
* * * LOW HITPOINT WARNING * * *
The war axe of chaos burns you.
* * * LOW HITPOINT WARNING * * *
Smtktc's ghost casts a spell at you. The spray of energy hits you!
You die...
Xom is highly amused!

..###.. ...##.# ...##.
....... .......
...............###
#.............##.## .
##.####..(.#..#(§§# ...
#P.## #....##.##§###...>
.P..# #....##.§W(§§.....
....###....##.§§@§§.....
.#.........##..#.§§#....
.....##............# ...
......#.....#..###... .
.#...###...##..# ##...
##....##....#..# .#..
......##.......# # .
...............#
...............#


You could see a war axe of chaos and smtktc's ghost.

Vanquished Creatures
  Erolcha (D:9)
  2 two-headed ogres (D:8)
  Pikel (D:8)
  A cyclops (D:9)
  Psyche (D:9)
  A komodo dragon (D:10)
  A polar bear (D:9)
  A hippogriff (D:8)
  A spriggan (D:7)
  2 wyverns
  13 yaks
  A sky beast (D:9)
  An orc warrior (D:6)
  A necrophage (D:9)
  5 ogres
  An eye of draining (D:10)
  A wolf (D:9)
  A centaur (D:8)
  A big kobold (D:10)
  Blork the orc (D:5)
  5 bullfrogs
  A scorpion (D:7)
  3 killer bees (D:8)
  An electric eel (D:9)
  4 howler monkeys
  A bullfrog zombie (D:10)
  A centaur zombie (D:9)
  3 crimson imps
  5 hounds
  A gnoll shaman (D:9)
  3 jellies
  3 orc priests
  6 orc wizards
  2 bullfrog skeletons (D:9)
  An iguana (D:7)
  3 worker ants
  A killer bee zombie (D:9)
  A hound skeleton (D:8)
  A howler monkey zombie (D:5)
  5 gnolls (D:9)
  14 adders
  A river rat (shapeshifter) (D:2)
  2 white imps (D:9)
  A worker ant simulacrum (D:9)
  6 ufetubi (D:9)
  An ooze (D:2)
  2 worms
  2 dart slugs
  An adder simulacrum (D:9)
  2 leopard geckos
  23 orcs
  10 bats
  3 giant cockroaches
  8 goblins
  7 hobgoblins
  8 jackals
  3 quokkas
  7 frilled lizards
  12 kobolds
  2 leopard gecko skeletons
  10 rats
  A fungus (Lair:1)
  14 plants
229 creatures vanquished.

Vanquished Creatures (collateral kills)
  2 plants (D:10)
2 creatures vanquished.

Vanquished Creatures (others)
  A kobold (D:2)
1 creature vanquished.

Grand Total: 232 creatures vanquished

Notes
Turn   | Place    | Note
-------+----------+-------------------------------------------
     0 | D:1      | antediem the Minotaur Chaos Knight began the quest for the
                  | Orb.
     0 | D:1      | Reached XP level 1. HP: 19/19 MP: 0/0
   423 | D:1      | Reached XP level 2. HP: 26/27 MP: 1/1
   425 | D:1      | Reached skill level 4 in Axes
  1121 | D:2      | Reached XP level 3. HP: 24/34 MP: 2/2
  1173 | D:2      | Found a shattered altar of Ashenzari.
  1452 | D:2      | Reached XP level 4. HP: 37/41 MP: 3/3
  1488 | D:2      | XOM: mild Necr miscast
  1563 | D:2      | Reached skill level 5 in Axes
  1881 | D:2      | XOM: harmless Tloc miscast
  1921 | D:2      | XOM: harmless Conj miscast
  2117 | D:3      | XOM: harmless Hex miscast
  2510 | D:3      | Found a blossoming altar of Fedhas.
  2511 | D:3      | Found a shadowy altar of Dithmenos.
  2511 | D:3      | Found a stormy altar of Qazlal.
  2512 | D:3      | Found a shimmering altar of Xom.
  2518 | D:3      | Reached XP level 5. HP: 46/47 MP: 4/4
  2673 | D:3      | XOM: harmless Erth miscast
  2961 | D:3      | XOM: harmless Ice miscast
  2964 | D:3      | Reached skill level 1 in Stealth
  3204 | D:5      | Entered Level 5 of the Dungeon
  3214 | D:5      | Reached skill level 6 in Axes
  3214 | D:5      | Reached skill level 5 in Fighting
  3214 | D:5      | Reached XP level 6. HP: 46/56 MP: 5/5
  3307 | D:5      | XOM: potion effect (agility)
  3574 | D:5      | Noticed Blork the orc
  3581 | D:5      | Killed Blork the orc
  3581 | D:5      | Reached skill level 7 in Axes
  3581 | D:5      | Reached XP level 7. HP: 61/61 MP: 6/6
  3640 | D:5      | XOM: god gift: phial of floods
  3897 | D:6      | XOM: stealth player
  4219 | D:6      | XOM: cloud trail
  4250 | D:6      | Found a staircase to the Ecumenical Temple.
  4908 | D:7      | Found a glowing golden altar of the Shining One.
  4912 | D:7      | Found a white marble altar of Elyvilon.
  5092 | D:7      | Noticed a spriggan baker
  5093 | D:7      | Reached skill level 8 in Axes
  5094 | D:7      | XOM: summons 2 hostile demons
  5095 | D:7      | Noticed a sixfirhy
  5096 | D:7      | Killed a spriggan baker
  5096 | D:7      | Reached XP level 8. HP: 70/70 MP: 7/7
  5186 | D:8      | Noticed a two-headed ogre
  5196 | D:8      | Killed a two-headed ogre
  5196 | D:8      | Reached skill level 9 in Axes
  5227 | D:8      | Reached skill level 10 in Axes
  5229 | D:8      | Reached XP level 9. HP: 18/78 MP: 8/8
  5871 | D:8      | XOM: silly message
  5917 | D:8      | Noticed Pikel
  5923 | D:8      | XOM: divination: detect creatures
  5926 | D:8      | Killed Pikel
  5926 | D:8      | Reached skill level 11 in Axes
  5926 | D:8      | Reached skill level 5 in Dodging
  5926 | D:8      | Reached skill level 5 in Stealth
  6025 | D:8      | Noticed a two-headed ogre
  6030 | D:8      | XOM: enchant monster (good)
  6035 | D:8      | Killed a two-headed ogre
  6035 | D:8      | Reached skill level 5 in Armour
  6170 | D:8      | XOM: mild Hex miscast
  6350 | D:8      | XOM: harmless Chrm miscast
  6439 | D:8      | XOM: mild Pois miscast
  6496 | D:9      | Noticed Psyche
  6498 | D:9      | Noticed a polar bear
  6507 | D:9      | Killed Psyche
  6507 | D:9      | Reached XP level 10. HP: 90/90 MP: 9/9
  6512 | D:9      | Reached skill level 12 in Axes
  6515 | D:9      | Noticed a cyclops
  6524 | D:9      | Killed a cyclops
  6589 | D:9      | XOM: mild Fire miscast
  6876 | D:9      | Noticed Erolcha
  6989 | D:9      | Found a transporter.
  7169 | D:9      | Killed Erolcha
  7169 | D:9      | Reached skill level 13 in Axes
  7582 | D:9      | XOM: noise
  7590 | D:9      | XOM: polymorph quasit -> crimson imp
  7617 | D:10     | Entered Level 10 of the Dungeon
  7688 | D:10     | XOM: torment (42/91 hp)
  7976 | D:10     | XOM: 2-stop teleportation journey
  8099 | D:10     | XOM: confusion
  8108 | D:10     | XOM: blink monster(s)
  8123 | D:10     | Reached XP level 11. HP: 36/98 MP: 10/10
  8233 | D:10     | XOM: give mutation
  8233 | D:10     | Gained mutation: Armour fits poorly on your strangely
                  | shaped body. [Xom's mischief]
  8467 | D:10     | Found a staircase to the Lair.
  8546 | D:10     | XOM: noise
  8550 | Lair:1   | Entered Level 1 of the Lair of Beasts
  8560 | Lair:1   | Reached skill level 10 in Fighting
  8692 | Lair:1   | Found a runed door.
  8697 | Lair:1   | Found a shimmering altar of Xom.
  8697 | Lair:1   | Noticed a war axe of chaos
  8697 | Lair:1   | Noticed smtktc's ghost (novice DECj)
  8719 | Lair:1   | XOM: fog
  8723 | Lair:1   | Paralysed by a war axe of chaos for 4 turns
  8725 | Lair:1   | XOM: divine lightning
  8725 | Lair:1   | HP: 4/98 [war axe of chaos (10)]
  8725 | Lair:1   | Killed from afar by smtktc's ghost

Skill      XL: |  1  2  3  4  5  6  7  8  9 10 11 |
---------------+----------------------------------+-----
Fighting       | 4 5 6 8 9 10 | 10.1
Axes           | 4 5 6 7 8 10 11 13 | 13.9
Armour         | 3 4 5 |  5.8
Dodging        | 2 3 4 5 6 |  6.9
Stealth        | 1 2 3 4 5 6 |  6.1

Action                   |  1- 3 |  4- 6 |  7- 9 | 10-12 || total
-------------------------+-------+-------+-------+-------++-------
Melee: Hand axe          |    64 |   125 |   139 |   253 ||   581
       Headbutt          |    10 |    17 |    16 |    74 ||   117
  Use: Scroll            |     1 |    14 |     4 |     2 ||    21
       Potion            |       |       |     7 |       ||     7
 Stab: Paralysed         |       |     3 |     3 |     1 ||     7
       Confused          |       |     1 |       |       ||     1
       Sleeping          |       |     2 |     5 |     2 ||     9
       Distracted        |       |       |     1 |       ||     1
       Petrified         |       |       |     3 |       ||     3
  Eat: Ration            |     1 |     2 |     3 |     1 ||     7
       Chunk             |       |     1 |       |       ||     1
Armor: Leather armour    |    20 |    43 |    48 |    56 ||   167
Dodge: Dodged            |    47 |    67 |    91 |   100 ||   305
